 Dungeon Crawl Stone Soup version 0.22.1-2-g9c5b331 (webtiles) character file.

135 myga the Insei (level 5, -1/34 HPs)
             Began as a Tengu Warper on Nov 27, 2018.
             Slain by a killer bee (6 damage)
             ... on level 3 of the Dungeon.
             The game lasted 00:19:51 (2964 turns).

myga the Insei (Tengu Warper)                       Turns: 2964, Time: 00:19:51

Health: -1/34      AC:  7    Str: 19    XL:     5   Next: 18%
Magic:  6/9        EV: 13    Int: 14    God:
Gold:   112        SH:  0    Dex: 13    Spells: 1/8 levels left

rFire    . . .     SeeInvis .     - Unarmed
rCold    . . .     Gourm    .   (no shield)
rNeg     . . .     Faith    +   o - +0 robe
rPois    .         Spirit   .   (helmet restricted)
rElec    .         Reflect  .   (no cloak)
rCorr    .         Harm     .   m - +0 pair of gloves
MR       .....                  (boots unavailable)
Stlth    ++........             h - amulet of faith
HPRegen  0.11/turn              l - +3 ring of slaying
MPRegen  0.11/turn              s - +4 ring of protection

@: mighty, lethally poisoned (-1 -> -4)
A: beak, talons 3, robust 1, strong 1, able to fly 1
a: Fly


You were on level 3 of the Dungeon.
You were not hungry.

You visited 1 branch of the dungeon, and saw 3 of its levels.

You collected 112 gold pieces.

Inventory:

Missiles
 d - 5 tomahawks of dispersal
 g - 154 stones (quivered)
 n - 15 poisoned needles
Armour
 m - a +0 pair of gloves (worn)
 o - a +0 robe (worn)
Jewellery
 h - an amulet of faith (around neck)
 j - an uncursed ring of see invisible
 l - a +3 ring of slaying (left hand)
 s - a +4 ring of protection (right hand)
Wands
 p - a wand of flame (28)
Scrolls
 v - a scroll of enchant armour {unknown}
Potions
 b - 4 potions of heal wounds
 e - a potion of ambrosia
 q - a potion of haste
Comestibles
 f - 4 rations


   Skills:
 + Level 2.3 Fighting
 + Level 2.1 Throwing
 + Level 1.5 Armour
 + Level 2.6 Dodging
 + Level 1.0 Stealth
 + Level 3.6 Unarmed Combat
 + Level 2.2 Spellcasting
 + Level 2.8 Translocations


You had one spell level left.
You knew the following spells:

 Your Spells              Type           Power        Failure   Level  Hunger
a - Blink                 Tloc           N/A          11%         2    ###....
b - Shroud of Golubria    Chrm/Tloc      #.........   21%         2    ###....
c - Teleport Other        Tloc           #.......     22%         3    ###....

Your spell library contained the following spells:

 Spells                   Type           Power        Failure   Level  Hunger
 Gell's Gravitas          Tloc           #.........   22%         3    ###....
 Lesser Beckoning         Tloc           #.........   22%         3    ###....
 Passage of Golubria      Tloc           N/A          58%         4    #####..


Dungeon Overview and Level Annotations

Branches:
Dungeon (3/15)

Altars:


Innate Abilities, Weirdness & Mutations

You have a beak for a mouth.
You have claws for feet.
You can fly.
You are robust. (+10% HP)
Your muscles are strong. (Str +2)


Message History

You miss the killer bee. Your kick misses the killer bee.
The killer bee stings you. The killer bee closely misses you.
The killer bee closely misses you. The killer bee stings you.
* * * LOW HITPOINT WARNING * * *
Your shroud falls apart!
The killer bee completely misses you. The killer bee barely misses you.
The killer bee stings you.
* * * LOW HITPOINT WARNING * * *
You are poisoned.
The killer bee poisons you!
You feel sick.
Okay, then.
Casting: Shroud of Golubria (safe; 21% risk of failure)
Confirm with . or Enter, or press ? or * to list all spells.
You blink.
The killer bee closely misses you.
Okay, then.
You feel very mighty all of a sudden.
You feel sick. The killer bee closely misses you. The killer bee stings you.
You die...

####### ### #.[....
#######.############## #.....#
........>............# #.....#
#######.#.....######.######.....#
# #.#......###.........<....# #
#.#......y@......########## #
#.#.....ยง#y#.#..## #...... #
#.#.......y....######.##### #
#.###.##.#.#.#.............
#######.# #.##........#####.....#
......#.# #.##.#.#.#.## #......
#####...# #.##.......### #.#####
###.# #..####.#....# ### # ###.#
##.####.####.# #


You could see 3 killer bees.

Vanquished Creatures
  An orc priest (D:3)
  3 adders
  An ooze (D:3)
  A worm (D:2)
  4 leopard geckos
  6 orcs (D:3)
  4 giant cockroaches (D:2)
  5 goblins
  2 hobgoblins
  10 kobolds
  11 bats
  10 frilled lizards
  8 rats
66 creatures vanquished.

Notes
Turn   | Place    | Note
-------+----------+-------------------------------------------
     0 | D:1      | myga the Tengu Warper began the quest for the Orb.
     0 | D:1      | Reached XP level 1. HP: 12/12 MP: 4/4
   212 | D:1      | Reached XP level 2. HP: 17/17 MP: 6/6
   265 | D:1      | Learned a level 2 spell: Blink
   268 | D:1      | Learned a level 2 spell: Shroud of Golubria
  1011 | D:2      | Reached XP level 3. HP: 21/21 MP: 7/7
  1516 | D:2      | Reached XP level 4. HP: 27/27 MP: 8/8
  1784 | D:2      | Gained mutation: You are robust. (+10% HP) [potion of
                  | mutation]
  1784 | D:2      | Gained mutation: Your muscles are strong. (Str +2) [potion
                  | of mutation]
  1814 | D:3      | Learned a level 3 spell: Teleport Other
  2476 | D:3      | Reached skill level 3 in Unarmed Combat
  2486 | D:3      | Reached skill level 1 in Stealth
  2486 | D:3      | Gained mutation: You can fly. [Tengu growth]
  2486 | D:3      | Reached XP level 5. HP: 29/34 MP: 9/9
  2964 | D:3      | Slain by a killer bee

Skill      XL: |  1  2  3  4 |
---------------+-------------+-----
Throwing       | 2 |  2.1
Unarmed Combat | 3 |  3.6
Stealth        | 1 |  1.0
Fighting       | |  2.3
Armour         | |  1.5
Dodging        | |  2.6
Spellcasting   | |  2.2
Translocations | |  2.8

Action                   |  1- 3 |  4- 6 || total
-------------------------+-------+-------++-------
Melee: Unarmed           |    57 |    25 ||    82
       Kick              |    15 |     9 ||    24
       Peck              |     4 |     4 ||     8
Throw: Stone             |    68 |    47 ||   115
 Cast: Blink             |       |     1 ||     1
       Shroud of Golubri |       |     1 ||     1
Evoke: Wand              |       |     3 ||     3
  Use: Scroll            |     3 |     5 ||     8
       Potion            |       |     5 ||     5
  Eat: Chunk             |     2 |     3 ||     5
       Ration            |       |     1 ||     1
Armor: Leather armour    |    24 |       ||    24
       Robe              |     4 |     6 ||    10
Dodge: Dodged            |    43 |    19 ||    62
